 Dungeon Crawl Stone Soup version 0.30.1 (webtiles) character file.

Game seed: 8168077119423141833

46 Sanktem7 the Covered (level 3, 0/33 HPs)
             Began as a Minotaur Fighter on July 7, 2023.
             Killed from afar by an orc wizard (6 damage)
             ... with a magic dart
             ... on level 2 of the Dungeon.
             The game lasted 00:01:40 (912 turns).

Sanktem7 the Covered (Minotaur Fighter)              Turns: 912, Time: 00:01:41

Health: 0/33       AC:  7    Str: 22    XL:     3   Next: 46%
Magic:  2/2        EV:  9    Int:  5    God:
Gold:   50         SH:  0    Dex:  9    Spells: 2/2 levels left

rFire   . . .        a - +0 war axe {axe}
rCold   + . .        c - +0 buckler
rNeg    . . .        b - +0 scale mail
rPois   .            (helmet restricted)
rElec   .            (no cloak)
rCorr   .            (no gloves)
SInv    .            (no boots)
Will    .....        (no amulet) Stlth
                     g - ring of protection from cold
HPRegen 0.25/turn    (no ring)
MPRegen 0.08/turn

%: no passive effects
@: confused
A: horns 2, retaliatory headbutt
a: no special abilities


You were on level 2 of the Dungeon.
You visited 1 branch of the dungeon, and saw 2 of its levels.

You collected 50 gold pieces.


Innate Abilities, Weirdness & Mutations

You have a pair of horns on your head.
You reflexively headbutt those who attack you in melee.


   Skills:
 + Level 4.0 Fighting
 * Level 3.5 Axes
 + Level 4.1 Armour
 + Level 4.0 Shields


You had 2 spell levels left.
You didn't know any spells.
Your spell library contained the following spells:

 Spells                   Type           Power      Damage    Failure   Level
 Apportation              Tloc           0%         N/A       86%         1
 Summon Small Mammal      Summ           0%         N/A       86%         1
 Call Canine Familiar     Summ           0%         N/A       99%         3
 Gell's Gravitas          Tloc           0%         N/A       99%         3
 Summon Guardian Golem    Hex/Summ       0%         N/A       99%         3
 Vhi's Electric Charge    Tloc/Air       0%         N/A       99%         3
 Summon Lightning Spire   Summ/Air       0%         N/A       100%        4
 Arcjolt                  Conj/Air       0%         1d10      100%        5
 Maxwell's Capacitive Co  Air            0%         ∞         100%        8

Inventory:

Hand Weapons
 a - a +0 war axe (weapon) {axe}
Missiles
 f - 13 stones (quivered) {throwing}
 j - 2 javelins {throwing}
 l - 2 silver javelins {throwing}
 o - 5 poisoned darts {throwing}
Armour
 b - a +0 scale mail (worn)
 c - a +0 buckler (worn)
Jewellery
 g - a ring of protection from cold (left hand)
   (You found it on level 1 of the Dungeon)
 h - a ring of magical power
   (You found it on level 1 of the Dungeon)
Scrolls
 i - 2 scrolls of teleportation {unknown}
 k - a scroll of immolation {unknown}
 m - a scroll of enchant armour {unknown}
 q - a scroll of brand weapon {unknown}
Potions
 d - 2 potions of might
 e - a potion of berserk rage {unknown}
 n - a potion of curing {unknown}
 p - a potion of heal wounds {unknown}

Dungeon Overview and Level Annotations

Branches:
Dungeon (2/15) Zot: 11061

Altars:

.................>.
...................
..................# # .
....................##..
..................#.<...
............# #....!#...
.....######.## .........
####.# #..###r{......
#..# ##..##@.b.....
##..#####.<..†o......
...........?.......
#....####.....$... ####.
#......... . ..........
## #......... #.........
#........


You could see an orc, a bat and a rat.


Message History

The orc is wielding a +3 flail of venom.
Found a red potion and a hand axe.
Found an escape hatch in the ceiling.
The orc shouts!
The endoplasm quivers.
You hear a shout!
You hear an angry hiss.
A ball python comes into view.
There are monsters nearby!
An orc wizard comes into view. It is wielding a +0 dagger.
The orc wizard shouts!
An orc wizard comes into view. It is wielding a +0 dagger.
A rat comes into view.
The orc throws a boomerang.
The boomerang hits you but does no damage.
An orc comes into view. It is wielding a +0 club.
The ball python bites you but does no damage.
The ball python barely misses you.
A hobgoblin comes into view.
You closely miss the ball python.
The hobgoblin shouts!
You hear an angry hiss.
You block the bat's attack. The ball python barely misses you.
You furiously retaliate!
You headbutt the ball python.
You kill the ball python!
The orc throws a boomerang.
The boomerang hits you. 😕 HP[-1]
You take 1 damage, and now have 32/33 hp.
You closely miss the bat. The bat hits you. The bat barely misses you. 😕 HP[-1]
You take 1 damage, and now have 31/33 hp.
You miss the bat. Your headbutt misses the bat. The bat barely misses you.
You block the bat's attack.
The orc wizard mumbles some strange words.
The orc wizard flickers and vanishes!
Deactivating autopickup; reactivate with Ctrl-A. 😕 HP[+1]
You closely miss the orc wizard. You hit the orc.
A rat comes into view.
The orc throws a stone.
The orc wizard hits you but does no damage.
You block the bat's attack.
The orc hits you with a +3 flail of venom.
The orc wizard gestures at you while chanting.
The magic dart hits you. 😕 HP[-4]
You take 4 damage, and now have 28/33 hp.
You completely miss the orc. You slash the endoplasm!
You kill the endoplasm!
You hit the orc wizard. You miss something.
The bat hits you but does no damage. You block the orc's attack.
Something hits you but does no damage.
The orc wizard gestures wildly while chanting.
The orc wizard flickers and vanishes!
You closely miss the orc. You headbutt the orc.
You kill the orc!
You hit something but do no damage. You completely miss the orc.
You barely miss the rat. You closely miss something.
The orc hits you with a +0 club.
Something hits you. x2; The rat misses you.
You furiously retaliate!
You headbutt the rat, but do no damage.
An endoplasm comes into view.
The orc hits you with a +0 club.
* * * LOW HITPOINT WARNING * * *
Something hits you.
* * * LOW HITPOINT WARNING * * *
The hobgoblin hits you but does no damage.
Something hits you but does no damage. The rat closely misses you.
You furiously retaliate!
You headbutt the rat.
The endoplasm moves out of view.
You are too injured to fight recklessly! 😨 HP[-15]
You take 15 damage, and now have 13/33 hp.
MASSIVE DAMAGE!! (PAUSE)
You barely miss something. Your headbutt misses something.
You closely miss something. You barely miss the orc.
You barely miss the hobgoblin. You hit the rat.
You kill the rat!
Something hits you.
* * * LOW HITPOINT WARNING * * *
Something hits you but does no damage. The orc barely misses you.
The hobgoblin hits you but does no damage. 😨 HP[-3]
You take 3 damage, and now have 10/33 hp.
You hit something. Your headbutt misses something. You hit the hobgoblin.
You barely miss something. You barely miss the orc.
You hear some strange, mumbled words.
You are confused.
The orc hits you with a +0 club.
* * * LOW HITPOINT WARNING * * *
Something hits you.
* * * LOW HITPOINT WARNING * * *
The hobgoblin hits you.
* * * LOW HITPOINT WARNING * * *
😱 HP[-5]
You take 5 damage, and now have 5/33 hp.
You barely miss something. Your headbutt misses something.
You completely miss something. You closely miss the orc. You hit the hobgoblin.
You kill the hobgoblin!
The orc hits you but does no damage.
Something hits you but does no damage. x2
The orc hits you but does no damage.
You hear some strange, mumbled words.
A magic dart appears from out of thin air!
The magic dart hits you.
You die...

Skill      XL: |  1  2  3 |
---------------+----------+-----
Axes           | 3 |  3.5
Armour         | 4 |  4.1
Shields        | 4 |  4.0
Fighting       | 4 |  4.0

Action                     || total
---------------------------++-------
  Melee: War axe           ||    72
         Headbutt          ||     4
 Armour: Scale mail        ||    60
  Dodge: Dodged            ||    40
  Block: Buckler           ||    21

Levels and vault maps discovered:
D:1:      amcnicky_arrival_abandoned_market, layout_basic,
          minmay_close_crescents
D:2:      layout_rooms, ebering_ecumenical_altar_sacrificial

Notes
Turn   | Place    | Note
-------+----------+-------------------------------------------
     0 | D:1      | Sanktem7 the Minotaur Fighter began the quest for the Orb.
     0 | D:1      | Reached XP level 1. HP: 19/19 MP: 0/0
     0 | D:1      | magus.rc [v1.9.6]
    94 | D:1      | Reached XP level 2. HP: 27/27 MP: 1/1
   102 | D:1      | You add the spells Vhi's Electric Charge, Arcjolt and
                  | Maxwell's Capacitive Coupling to your library.
   132 | D:1      | Reached skill level 3 in Axes
   227 | D:1      | You pick up a book of Callings and begin reading...
   227 | D:1      | You add the spells Summon Small Mammal, Call Canine
                  | Familiar and Summon Guardian Golem to your library.
   469 | D:1      | Reached skill level 4 in Armour
   479 | D:1      | You add the spells Apportation, Gell's Gravitas and Summon
                  | Lightning Spire to your library.
   479 | D:1      | Got the Textbook on Shifting Aeromancy
   518 | D:1      | Reached skill level 4 in Shields
   518 | D:1      | Reached XP level 3. HP: 30/33 MP: 2/2
   699 | D:1      | Reached skill level 4 in Fighting
   862 | D:2      | Found a faded altar of an unknown god.
   911 | D:2      | HP: 7/33 [orc/+0 club (3)]
   912 | D:2      | Killed from afar by an orc wizard

Vanquished Creatures
  2 dart slugs
  An orc (D:2)
  3 bats (D:1)
  3 endoplasms
  3 goblins (D:1)
  6 hobgoblins
  3 quokkas (D:1)
  6 ball pythons
  6 kobolds (D:1)
  6 rats
39 creatures vanquished.

Table legend:
 A = Non-vault XP
 B = Vault XP
 C = Vault XP percentage of total XP
 D = Non-vault monster count
 E = Vault monster count
 F = Vault count percentage of total count
                 A         B        C        D         E       F
            +---------+---------+-------+---------+---------+-------
      Total |      63 |       6 |   8.7 |      36 |       3 |   7.7
            +---------+---------+-------+---------+---------+-------
        D:1 |      48 |       6 |  11.1 |      29 |       3 |   9.4
        D:2 |      15 |       0 |   0.0 |       7 |       0 |   0.0
            +---------+---------+-------+---------+---------+-------

Skill      XL: |  1  2  3 |
---------------+----------+-----
Axes           | 3 |  3.5
Armour         | 4 |  4.1
Shields        | 4 |  4.0
Fighting       | 4 |  4.0

Action                     || total
---------------------------++-------
  Melee: War axe           ||    72
         Headbutt          ||     4
 Armour: Scale mail        ||    60
  Dodge: Dodged            ||    40
  Block: Buckler           ||    21

Illustrated notes

Table legend:
 A = Kills in this place as a percentage of kills in the entire game.
 B = Kills by you in this place as a percentage of kills by you in the entire game.
 C = Kills by friends in this place as a percentage of kills by friends in the entire game.
 D = Other kills in this place as a percentage of other kills in the entire game.
 E = Experience gained in this place as a percentage of experience gained in the entire game.
 F = Experience gained in this place divided by the number of levels of this place that you have seen.
                   A       B       C       D       E      F
               +-------+-------+-------+-------+-------+----------------------
         Total | 100.0 | 100.0 |   N/A |   N/A | 100.0 |  34.5
       Dungeon | 100.0 | 100.0 |   N/A |   N/A | 100.0 |  34.5
               +-------+-------+-------+-------+-------+----------------------

Table legend: (Time is in decaauts)
 A = Elapsed time spent in this place.
 B = Non-inter-level travel time spent in this place.
 C = Inter-level travel time spent in this place.
 D = Time resting spent in this place.
 E = Time spent auto-exploring this place.
 F = Levels seen in this place.
 G = Mean time per level.
                   A        B        C        D        E       F      G
               +--------+--------+--------+--------+--------+-----+--------+
         Total |    937 |    925 |     12 |      0 |    737 |   2 |  468.5 |
       Dungeon |    937 |    925 |     12 |      0 |    737 |   2 |  468.5 |
               +--------+--------+--------+--------+--------+-----+--------+

Top non-repeatable levels by time:
     D:1: 883 daAuts
     D:2: 53 daAuts
